 Dungeon Crawl Stone Soup version 0.30.1-1-g62c8e00024 (webtiles) character file.

Game seed: 530749889215773528

464 premas the Skirmisher (level 6, 0/52 HPs)
             Began as a Minotaur Hunter on July 16, 2023.
             Was a Follower of Nemelex Xobeh.
             Slain by an orc priest
             ... wielding a +0 club
              (2 damage)
             ... on level 5 of the Dungeon.
             The game lasted 00:11:28 (2874 turns).

premas the Skirmisher (Minotaur Hunter)             Turns: 2874, Time: 00:11:28

Health: 0/52       AC:  3    Str: 16    XL:     6   Next: 80%
Magic:  5/5        EV: 17    Int:  6    God:    Nemelex Xobeh [*.....]
Gold:   237        SH:  0    Dex: 15    Spells: 5/5 levels left

rFire   . . .        a - +0 shortbow
rCold   . . .        (shield currently unavailable)
rNeg    . . .        c - +0 leather armour
rPois   .            (helmet restricted)
rElec   .            (no cloak)
rCorr   .            (no gloves)
SInv    .            (no boots)
Will    .....        (no amulet)
Stlth   ++           s - +5 ring of evasion
HPRegen 0.28/turn    (no ring)
MPRegen 0.09/turn

%: no passive effects
@: no status effects
A: horns 2, retaliatory headbutt
a: Renounce Religion, Draw Escape, Draw Destruction, Draw Summoning


You were on level 5 of the Dungeon.
You worshipped Nemelex Xobeh.
Nemelex Xobeh was aware of your devotion.
You visited 1 branch of the dungeon, and saw 5 of its levels.

You collected 237 gold pieces.

Inventory:

Hand Weapons
 a - a +0 shortbow (weapon)
Armour
 c - a +0 leather armour (worn)
Jewellery
 s - a +5 ring of evasion (left hand)
Wands
 n - a wand of quicksilver (7)
Scrolls
 b - 2 scrolls of immolation
 d - 2 scrolls of fog
 e - a scroll of identify
 g - a scroll of enchant armour {unknown}
 j - a scroll of teleportation {unknown}
 l - a scroll of fear {unknown}
 m - a scroll of acquirement {unknown}
 o - a scroll of blinking {unknown}
 p - a scroll of amnesia {unknown}
 t - 2 scrolls of poison {unknown}
Potions
 f - a potion of heal wounds {unknown}
 h - 2 potions of haste
 i - a potion of magic {unknown}
 k - a potion of attraction
 q - 2 potions of mutation
 r - 2 potions of curing {unknown}
 u - 2 potions of flight {unknown}


   Skills:
 + Level 3.7 Fighting
 + Level 8.0 Ranged Weapons
 + Level 2.2 Armour
 + Level 2.6 Dodging
 + Level 1.3 Stealth


You had 5 spell levels left.
You didn't know any spells.
Your spell library contained the following spells:

 Spells                   Type           Power      Damage    Failure   Level
 Sandblast                Erth           0%         2d4       52%         1
 Summon Small Mammal      Summ           0%         N/A       52%         1
 Ensorcelled Hibernation  Hex/Ice        0%         N/A       67%         2
 Passwall                 Tmut/Erth      0%         N/A       67%         2
 Static Discharge         Conj/Air       0%         2-2/arc   67%         2
 Call Canine Familiar     Summ           0%         N/A       88%         3
 Stone Arrow              Conj/Erth      0%         3d7       88%         3
 Swiftness                Air            0%         N/A       88%         3
 Animate Armour           Summ/Erth      0%         N/A       99%         4
 Orb of Destruction       Conj           0%         9d5       100%        7
 Lehudib's Crystal Spear  Conj/Erth      0%         10d2      100%        8


Dungeon Overview and Level Annotations

Branches:
Dungeon (5/15)
 Temple: D:4-7

Altars:
Ashenzari
Elyvilon
Nemelex Xobeh
Okawaru
Sif Muna

Shops:
D:1 :*[(   D:5 *

Annotations:
D:5 Pikel


Innate Abilities, Weirdness & Mutations

You have a pair of horns on your head.
You reflexively headbutt those who attack you in melee.


Message History

You kill the hound!
Your Ranged Weapons skill increases to level 8!
The orc priest hits you with a +0 club. The lemure closely misses you.
The orc wizard casts a spell.
The orc wizard flickers and vanishes!
Deactivating autopickup; reactivate with Ctrl-A.
Pikel hits you with a +1 whip of flaming.
Pikel burns you.
You see here a hound corpse.
You shoot an arrow.
The arrow hits the orc priest but does no damage.
Pikel hits you with a +1 whip of flaming.
Pikel burns you. The orc priest completely misses you. The lemure misses you.
Pikel closely misses you. You furiously retaliate!
You headbutt Pikel. You shoot an arrow.
The arrow hits the orc priest but does no damage.
The orc priest hits you with a +0 club. The lemure hits you but does no damage.
Pikel misses you. The orc priest hits you with a +0 club.
The lemure hits you. x2
You shoot an arrow.
The arrow closely misses the orc priest.
Pikel hits you with a +1 whip of flaming!
* * * LOW HITPOINT WARNING * * *
Pikel burns you.
* * * LOW HITPOINT WARNING * * *
Pikel zaps a wand.
The puff of flame misses you.
The orc priest looks encouraged for a moment.
The lemure barely misses you. The lemure hits you.
* * * LOW HITPOINT WARNING * * *
You draw a card...
You have drawn Velocity.
The lemure seems to slow down.
The orc priest seems to slow down.
Pikel seems to slow down.
The lemure seems to slow down. x2
Pikel hits you with a +1 whip of flaming.
* * * LOW HITPOINT WARNING * * *
Pikel burns you.
* * * LOW HITPOINT WARNING * * *
The lemure closely misses you.
You shoot an arrow. The arrow closely misses the lemure.
The orc priest hits you with a +0 club.
You die...
Your body disappears without a glow.

...##......# #...##
..###..#.#.###....#
..# ##.###...#....#
.####...###....#..#
...##...###....#.##
.....[.........####
.#.....#..........###
##...............5..##
#..............5@5...#
#.##..#.........oK..##
.. #......##...##5..#
. #...........# ..##
.# ##..##.#...)# ...
..##..###.#.... ....
.............. .....
..........##. ......
..#...)..##


You could see Pikel (fast, slow), 4 lemures and an orc priest (slow).

Vanquished Creatures
  3 hounds (D:5)
  A sleepcap (D:5)
  An iguana (D:4)
  An orc wizard (D:3)
  An adder (D:2)
  5 gnolls
  11 orcs
  5 endoplasms
  4 giant cockroaches
  2 hobgoblins
  2 jackals (D:2)
  4 quokkas
  7 ball pythons
  7 bats
  4 frilled lizards
  5 goblins
  2 kobolds
  4 rats
69 creatures vanquished.

Vanquished Creatures (collateral kills)
  A hound (D:5)
  2 orc priests (D:5)
  A sleepcap (D:5)
  An iguana (D:5)
  An orc wizard (D:5)
6 creatures vanquished.

Grand Total: 75 creatures vanquished

Notes
Turn   | Place    | Note
-------+----------+-------------------------------------------
     0 | D:1      | premas the Minotaur Hunter began the quest for the Orb.
     0 | D:1      | Reached XP level 1. HP: 18/18 MP: 0/0
    67 | D:1      | Found Zigybe's Weapon Emporium.
   261 | D:1      | Found Alomiquv's Armour Boutique.
   346 | D:1      | Found Hemaguap's General Store.
   353 | D:1      | Reached XP level 2. HP: 25/25 MP: 1/1
   446 | D:1      | Found Jaimiazi's Book Emporium.
   452 | D:1      | Reached skill level 1 in Armour
   800 | D:2      | Reached skill level 5 in Ranged Weapons
   961 | D:2      | Reached XP level 3. HP: 25/30 MP: 2/2
  1048 | D:2      | Found a faded altar of an unknown god.
  1328 | D:2      | Reached skill level 1 in Stealth
  1445 | D:3      | Reached XP level 4. HP: 37/37 MP: 3/3
  1456 | D:3      | Found an iron altar of Okawaru.
  1664 | D:3      | Found a shimmering blue altar of Sif Muna.
  1792 | D:3      | Found a sparkling altar of Nemelex Xobeh.
  1792 | D:3      | Found a broken altar of Ashenzari.
  1798 | D:3      | Became a worshipper of Nemelex Xobeh the Trickster
  2117 | D:4      | Got the Almanac of Insomnia
  2141 | D:4      | Reached skill level 6 in Ranged Weapons
  2264 | D:4      | Reached XP level 5. HP: 36/45 MP: 4/4
  2401 | D:4      | Found a white marble altar of Elyvilon.
  2401 | D:4      | Reached * piety under Nemelex Xobeh
  2638 | D:5      | Entered Level 5 of the Dungeon
  2644 | D:5      | Found Gucsoh Mary's Lightly-Used Armoury.
  2659 | D:5      | Reached skill level 7 in Ranged Weapons
  2709 | D:5      | Reached XP level 6. HP: 47/51 MP: 5/5
  2721 | D:5      | Received a gift from Nemelex Xobeh
  2862 | D:5      | Noticed Pikel
  2869 | D:5      | Reached skill level 8 in Ranged Weapons
  2873 | D:5      | HP: 2/52 [Pikel/+1 whip of flaming (1)]
  2874 | D:5      | Slain by an orc priest

Illustrated notes

Levels and vault maps discovered:
D:1:      dpeg_arrival_court, layout_loops_ring, serial_forest,
          infiniplex_forest_clump_cross, infiniplex_forest_join,
          infiniplex_forest_straight_3, infiniplex_forest_clump_diagonal,
          infiniplex_forest_clump_medium, infiniplex_forest_lined_3,
          serial_shops, shop, shop, shop, shop
D:2:      layout_loops_ring, dreamdust_ecumenical_altar_grove
D:3:      layout_basic, okawaru_ov_weapons_minmay,
          mainiacjoe_overflow_six_doors_small, nicolae_overflow_two_pavilions,
          minmay_box_of_dots
D:4:      layout_rooms, elyvilon_altar_1, item_on_display_a
D:5:      layout_cave_pools, minmay_shop_damaged, uniq_pikel, uniq_sigmund

Skill      XL: |  1  2  3  4  5  6 |
---------------+-------------------+-----
Armour         | 1 2 |  2.2
Ranged Weapons | 5 6 7 8 |  8.0
Stealth        | 1 |  1.3
Fighting       | 3 |  3.7
Dodging        | |  2.6

Action                     |  1- 3 |  4- 6 || total
---------------------------+-------+-------++-------
   Fire: Shortbow          |    74 |   125 ||   199
 Invoke: Draw Escape       |       |     1 ||     1
         Draw Summoning    |       |     1 ||     1
    Use: Scroll            |       |     3 ||     3
 Armour: Leather armour    |     2 |     8 ||    10
  Dodge: Dodged            |    20 |    56 ||    76
